 Dungeon Sprint DCSS version 0.16.2-2-g470672f (webtiles) character file.

791 ericwiseman123 the Cleaver (level 7, -4/109 HPs)
             Began as a Hill Orc Berserker on Aug 28, 2015.
             Was a High Priest of Trog.
             Slain by a shadow wraith (12 damage)
             ... in the Dungeon (Sprint VII: "The Pits").
             The game lasted 00:05:42 (1533 turns).

ericwiseman123 the Cleaver (Hill Orc Berserker)     Turns: 1533, Time: 00:05:43

Health: -4/109     AC: 12    Str: 27      XL:     7   Next: 88%
Magic:  7/7        EV: 14    Int:  6 (7)  God:    Trog [*****.]
Gold:   0          SH:  0    Dex: 10      Spells: 0 memorised, 6 levels left

rFire  . . .     SeeInvis .     k - +2 hand axe
rCold  . . .     Clarity  .     q - +3 scale mail
rNeg   . . .     SustAb   .     (no shield)
rPois  .         Gourm    .     (no helmet)
rElec  .         Spirit   .     t - +0 cloak
rCorr  .         Warding  .     (no gloves)
rMut   .         NoTele   +     (no boots)
MR     .....                    (no amulet)
Stlth  ..........               (no ring)
                                (no ring)

@: berserking, slowed, not resistant to hostile enchantments, extremely
unstealthy
A: no striking features
a: Burn Spellbooks, Berserk, Trog's Hand, Brothers in Arms, Renounce Religion


You were in the Dungeon.
You worshipped Trog.
Trog was extremely pleased with you.
You were very full.

You visited 1 branch

Inventory:

Hand weapons
 a - a +0 hand axe
 k - a +2 hand axe (weapon)
 r - a +1 long sword of flaming
 s - a +4 quarterstaff of chaos
 u - a +3 arbalest of flaming
Missiles
 j - 13 stones (quivered)
 v - 7 tomahawks of returning
Armour
 b - a cursed +0 animal skin
 q - a +3 scale mail (worn)
 t - a +0 cloak (worn)
Scrolls
 i - a scroll of blinking
 o - 3 scrolls of remove curse
 p - a scroll of summoning
Potions
 d - 6 potions of curing
 e - 6 potions of heal wounds
 f - a potion of haste
 g - 4 potions of magic
 h - 3 potions of berserk rage
 n - 2 potions of invisibility
Comestibles
 c - 8 meat rations
 l - 22 fruits
 m - 7 bread rations


   Skills:
 + Level 10.4 Fighting
 + Level 11.3 Axes
 + Level 6.5 Armour
 + Level 9.1 Dodging
 + Level 0.1 Stealth


You had 6 spell levels left.
You didn't know any spells.

Dungeon Overview and Level Annotations

Branches:
Dungeon (1/1)

Altars:
Ashenzari
Cheibriados
Dithmenos
Elyvilon
Fedhas
Kikubaaqudgha
Makhleb
Nemelex Xobeh
Okawaru
Ru
Sif Muna
Trog
Vehumet
Xom
Yredelemnul
Zin
The Shining One
Beogh
Jiyva
Lugonu


Message History

* * * LOW HITPOINT WARNING * * *
Something hits you.
* * * LOW HITPOINT WARNING * * *
Something drains your vigour!
You feel as though you will be slow longer.
* * * LOW HITPOINT WARNING * * *
There is an open door, spattered with blood here.
Something hits your troll! Something drains your troll's vigour!
Your troll seems to slow down.
Something closely misses your troll. Something hits your troll!
Something drains your troll's vigour!
Your troll seems to slow down.
Use which ability? (? or * to list)
A red film seems to cover your vision as you go berserk!
You feel yourself moving faster!
You feel mighty!
You feel somewhat less full.
Your troll closely misses something.
Your troll claws something!!
Your troll barely misses something.
Something hits you!
* * * LOW HITPOINT WARNING * * *
Something hits you!
You die...

#.##'#..#'###...<...#
#.#........##.......#
#)#........##.......#
#'###########.......#
#.......#..##########
#.###...#.######
#.#.....#.#....#
#.#...#.#T#....#
#.....#.#@)....+
#.).###.#'#....#
#.).....'.# ...#
########### ###


You could see a friendly troll (berserk).

Vanquished Creatures
  2 fire bats (D)
  A porcupine (D)
  A wandering mushroom (D)
  A brain worm (D)
  A crimson imp (D)
  Crazy Yiuf (D)
  2 orc priests (D)
  An orc wizard (D)
  A mummy (D)
  2 adders (D)
  A river rat (D)
  A giant gecko (D)
  A bat zombie (D)
  4 bats (D)
  A giant gecko zombie (D)
  A giant newt (D)
  A goblin (D)
  A kobold (D)
24 creatures vanquished.

Vanquished Creatures (collateral kills)
  An orc warrior (D)
  2 orc wizards (D)
  4 orcs (D)
7 creatures vanquished.

Grand Total: 31 creatures vanquished

Notes
Turn   | Place    | Note
--------------------------------------------------------------
     0 | D        | ericwiseman123, the Hill Orc Berserker, began the quest for the Orb.
     0 | D        | Reached XP level 1. HP: 19/19 MP: 1/1
    80 | D        | Found a sacrificial altar of Ru.
    80 | D        | Found a basalt altar of Yredelemnul.
    80 | D        | Found a shadowy altar of Dithmenos.
    80 | D        | Found a deep blue altar of Sif Muna.
    80 | D        | Found a burning altar of Makhleb.
    80 | D        | Found a shimmering altar of Xom.
    80 | D        | Found an ancient bone altar of Kikubaaqudgha.
    80 | D        | Found a sparkling altar of Nemelex Xobeh.
    81 | D        | Found a glowing golden altar of the Shining One.
    81 | D        | Found a bloodstained altar of Trog.
    81 | D        | Found a shattered altar of Ashenzari.
    81 | D        | Found a white marble altar of Elyvilon.
    81 | D        | Found a snail-covered altar of Cheibriados.
    81 | D        | Found a blossoming altar of Fedhas.
    81 | D        | Found a radiant altar of Vehumet.
    81 | D        | Found a glowing silver altar of Zin.
    81 | D        | Found a corrupted altar of Lugonu.
    81 | D        | Found a viscous altar of Jiyva.
    81 | D        | Found a roughly hewn altar of Beogh.
    81 | D        | Found an iron altar of Okawaru.
    94 | D        | Acquired Trog's second power
   318 | D        | Noticed a brain worm
   326 | D        | Killed a brain worm
   326 | D        | Reached skill level 6 in Fighting
   326 | D        | Reached XP level 2. HP: 21/31 MP: 2/2
   326 | D        | Reached XP level 3. HP: 26/38 MP: 3/3
   326 | D        | Reached XP level 4. HP: 30/45 MP: 4/4
   331 | D        | Acquired Trog's third power
   562 | D        | Noticed an orc priest
   562 | D        | Noticed Crazy Yiuf
   564 | D        | Noticed a fire bat
   577 | D        | Killed a fire bat
   577 | D        | Reached skill level 8 in Fighting
   577 | D        | Reached skill level 9 in Axes
   577 | D        | Reached XP level 5. HP: 36/56 MP: 5/5
   584 | D        | Killed an orc priest
   584 | D        | Reached XP level 6. HP: 47/62 MP: 6/6
   601 | D        | Killed Crazy Yiuf
   796 | D        | Noticed an orc priest
   797 | D        | Noticed an orc wizard
   803 | D        | Killed an orc wizard
   803 | D        | Received a gift from Trog
   806 | D        | Killed an orc priest
  1092 | D        | Noticed a crimson imp
  1115 | D        | Killed a crimson imp
  1115 | D        | Reached skill level 10 in Axes
  1126 | D        | Noticed a wandering mushroom
  1305 | D        | Killed a wandering mushroom
  1305 | D        | Reached skill level 5 in Armour
  1305 | D        | Reached XP level 7. HP: 71/71 MP: 7/7
  1355 | D        | Noticed a porcupine
  1355 | D        | Noticed a fire bat
  1363 | D        | Killed a fire bat
  1363 | D        | Reached skill level 10 in Fighting
  1373 | D        | Killed a porcupine
  1373 | D        | Reached skill level 11 in Axes
  1518 | D        | Noticed an orc warrior
  1518 | D        | Noticed an orc wizard
  1518 | D        | Noticed an orc wizard
  1523 | D        | Killed an orc wizard
  1525 | D        | Killed an orc wizard
  1525 | D        | Received a gift from Trog
  1527 | D        | Killed an orc warrior
  1533 | D        | Slain by a shadow wraith

Action                   |  1- 3 |  4- 6 |  7- 9 || total
-------------------------+-------+-------+-------++-------
Melee: Hand axe          |    22 |    60 |    33 ||   115
Invok: Berserk           |     1 |     4 |     1 ||     6
       Trog's Hand       |       |     1 |       ||     1
       Brothers in Arms  |       |       |     1 ||     1
  Eat: Fruit             |       |    12 |     6 ||    18
